 Dungeon Sprint DCSS version 0.18-a0-33-g9e10395 (console) character file.

7434 Kellhus the Stormcaller (level 10, -3/56 HPs)
             Began as a High Elf Air Elementalist on Nov 5, 2015.
             Was the Champion of Vehumet.
             Slain by an orc knight
             ... wielding a +0 great mace
              (31 damage)
             ... in the Dungeon (Sprint IX: "|||||||||||||||||||||||||||||").
             The game lasted 00:05:41 (1166 turns).

Kellhus the Stormcaller (High Elf Air Elementalist) Turns: 1166, Time: 00:05:41

Health: -3/56      AC:  5    Str:  7    XL:     10   Next: 93%
Magic:  17/31      EV: 15    Int: 26    God:    Vehumet [******]
Gold:   676        SH:  0    Dex: 16    Spells: 5 memorised, 28 levels left

rFire  . . .     SeeInvis .     a - staff of energy
rCold  . . .     Clarity  .     o - +0 robe
rNeg   . . .     SustAt   .     (no shield)
rPois  .         Gourm    .     w - +0 helmet
rElec  .         Spirit   .     D - +0 cloak
rCorr  .         Warding  .     r - +0 pair of gloves
rMut   .         NoTele   +     (no boots)
MR     +....                    (no amulet)
Stlth  ++........               t - +3 ring of intelligence
                                s - +2 ring of evasion

@: repel missiles, somewhat resistant to hostile enchantments, unstealthy
A: no striking features
a: Renounce Religion


You were in the Dungeon.
You worshipped Vehumet.
Vehumet was exalted by your worship.
You were not hungry.

You visited 1 branch You collected 676 gold pieces.

Inventory:

Hand Weapons
 b - a +4 quarterstaff of speed
Armour
 n - a +0 cloak
 o - a +0 robe (worn)
 r - a +0 pair of gloves (worn)
 w - a +0 helmet (worn)
 D - a +0 cloak (worn)
Magical Staves
 a - an uncursed staff of energy (weapon)
Jewellery
 s - a +2 ring of evasion (left hand)
 t - a +3 ring of intelligence (right hand)
Wands
 m - a wand of draining (1)
Scrolls
 i - 3 scrolls of blinking
 k - 4 scrolls of remove curse
 l - 2 scrolls of amnesia
 x - 2 scrolls of enchant weapon
 y - a scroll of fear
 z - a scroll of recharging
Potions
 d - 7 potions of curing
 e - 6 potions of heal wounds
 f - a potion of haste
 g - 4 potions of magic
 u - a potion of resistance
 v - 2 potions of brilliance
Books
 q - a book of Air

   Spells                             Type                      Level
   a - Shock                          Conjuration/Air              1
   b - Swiftness                      Charms/Air                   2
   c - Repel Missiles                 Charms/Air                   2
   d - Static Discharge               Conjuration/Air              3
   e - Lightning Bolt                 Conjuration/Air              5
Comestibles
 c - 14 bread rations
 B - 40 fruits
 C - 12 meat rations
 E - 9 chunks of flesh


   Skills:
 - Level 2.1 Dodging
 - Level 2.1 Stealth
 + Level 16.1 Spellcasting
 + Level 16.0 Conjurations
 + Level 17.5 Air Magic


You had 28 spell levels left.
You knew the following spells:

 Your Spells              Type           Power        Failure   Level  Hunger
a - Shock                 Conj/Air       ####         0%          1    None
b - Lightning Bolt        Conj/Air       #######...   1%          5    None
c - Stone Arrow           Conj/Erth      ######       1%          3    None
r - Repel Missiles        Chrm/Air       ######       1%          2    None
s - Swiftness             Chrm/Air       ######..     1%          2    None


Dungeon Overview and Level Annotations

Branches:
Dungeon (1/1)

Altars:
Cheibriados
Dithmenos
Elyvilon
Fedhas
Gozag
Kikubaaqudgha
Makhleb
Nemelex Xobeh
Okawaru
Qazlal
Ru
Sif Muna
Trog
Vehumet
Xom
Yredelemnul
Zin
The Shining One
Beogh
Jiyva
Lugonu


Message History

The orc knight hits you with a great mace!!
Ouch! That really hurt!
Unknown command.
Unknown command.
Casting: Lightning Bolt
Confirm with . or Enter, or press ? or * to list all spells.
Aiming: Lightning Bolt
Press: ? - help, Shift-Dir - straight line, f/p - orc knight
Aim: an orc knight, wielding a great mace and wearing a plate armour (moderately wounded)
You hear a mighty clap of thunder!
The bolt of lightning hits the orc knight.
The orc knight is severely wounded.
The bolt of lightning misses the red devil.
The bolt of lightning hits the orc high priest.
The orc high priest is almost dead.
The bolt of lightning misses the ynoxinul.
You hear a shout!
The orc knight hits you with a great mace!!
Ouch! That really hurt!
You die...

▓.▓.▓.▓_▓
▓o▓.▓†▓.▓_▓
▓3▓.▓.▓.▓_▓
▓)▓.▓'▓.▓_▓
▓o▓.▓.▓.▓_▓
▓4▓.▓.▓.▓_▓
▓)▓.▓.▓.▓_▓
▓o▓.▓.▓.▓_▓
▓@▓.▓.▓.▓_▓
▓.▓.▓.▓.▓_▓
▓)▓.▓.▓.▓_▓
▓.▓.▓.▓.▓_▓
▓.▓.▓†▓.▓_▓
▓)▓.▓†▓.▓_▓
▓)▓.▓.▓.▓_▓
▓)▓.▓.▓.▓_▓
▓)▓.▓.▓.▓_▓


You could see an orc knight, an orc high priest, a ynoxinul, a red devil and an
orc warrior (frenzied).

Vanquished Creatures
  2 hydras (D)
  4 spiny frogs (D)
  2 komodo dragons (D)
  A two-headed ogre (D)
  A blink frog (D)
  A slime creature (D)
  A wyvern (D)
  3 yaks (D)
  A hippogriff (D)
  A hungry ghost (D)
  2 wargs (D)
  5 wolves (D)
  11 orc warriors (D)
  2 water moccasins (D)
  A hell hound (D)
  A sky beast (D)
  An ogre (D)
  3 crocodiles (D)
  A giant frog (D)
  A killer bee (D)
  2 crimson imps (D)
  3 orc priests (D)
  An orc wizard (D)
  2 worker ants (D)
  An adder (D)
  5 orcs (D)
  2 bat skeletons (D)
  A goblin (D)
  A jackal (D)
  A bat (D)
  A giant newt (D)
  A rat (D)
66 creatures vanquished.

Notes
Turn   | Place    | Note
--------------------------------------------------------------
     0 | D        | Kellhus the High Elf Air Elementalist began the quest for the Orb.
     0 | D        | Reached XP level 1. HP: 11/11 MP: 4/4
     6 | D        | Reached skill level 4 in Air Magic
    68 | D        | Noticed a worker ant
    68 | D        | Noticed a worker ant
    68 | D        | Noticed a sky beast
    73 | D        | Killed a worker ant
    73 | D        | Reached skill level 5 in Air Magic
    73 | D        | Reached XP level 2. HP: 17/17 MP: 0/8
    73 | D        | Reached XP level 3. HP: 21/21 MP: 0/9
    91 | D        | Killed a sky beast
    91 | D        | Reached skill level 6 in Spellcasting
    91 | D        | Reached skill level 7 in Air Magic
    91 | D        | Reached XP level 4. HP: 27/27 MP: 1/13
    95 | D        | Reached XP level 5. HP: 31/31 MP: 1/15
   197 | D        | Found a glowing silver altar of Zin.
   197 | D        | Found a glowing golden altar of the Shining One.
   197 | D        | Found an ancient bone altar of Kikubaaqudgha.
   197 | D        | Found a basalt altar of Yredelemnul.
   197 | D        | Found a shimmering altar of Xom.
   197 | D        | Found a radiant altar of Vehumet.
   198 | D        | Found an iron altar of Okawaru.
   199 | D        | Found a burning altar of Makhleb.
   200 | D        | Found a deep blue altar of Sif Muna.
   201 | D        | Found a bloodstained altar of Trog.
   202 | D        | Found a sparkling altar of Nemelex Xobeh.
   203 | D        | Found a white marble altar of Elyvilon.
   204 | D        | Found a roughly hewn altar of Beogh.
   205 | D        | Became a worshipper of Vehumet
   206 | D        | Found a viscous altar of Jiyva.
   207 | D        | Found a corrupted altar of Lugonu.
   208 | D        | Found a blossoming altar of Fedhas.
   209 | D        | Found a snail-covered altar of Cheibriados.
   210 | D        | Found a shadowy altar of Dithmenos.
   211 | D        | Found a stormy altar of Qazlal.
   212 | D        | Found an opulent altar of Gozag.
   213 | D        | Found a sacrificial altar of Ru.
   266 | D        | Learned a level 5 spell: Lightning Bolt
   269 | D        | Learned a level 2 spell: Repel Missiles
   272 | D        | Learned a level 2 spell: Swiftness
   303 | D        | Noticed an orc warrior
   303 | D        | Noticed a two-headed ogre
   303 | D        | Noticed an ogre
   305 | D        | Killed an ogre
   305 | D        | Reached skill level 9 in Air Magic
   306 | D        | Killed a two-headed ogre
   306 | D        | Reached skill level 10 in Air Magic
   306 | D        | Reached XP level 6. HP: 36/36 MP: 15/19
   307 | D        | Reached * piety under Vehumet
   307 | D        | Offered knowledge of Sting by Vehumet.
   308 | D        | Reached XP level 7. HP: 41/41 MP: 5/21
   346 | D        | Reached ** piety under Vehumet
   346 | D        | Reached skill level 10 in Spellcasting
   346 | D        | Reached skill level 10 in Conjurations
   346 | D        | Reached skill level 11 in Air Magic
   394 | D        | Noticed a slime creature
   394 | D        | Noticed a yak
   394 | D        | Noticed a wyvern
   396 | D        | Killed a wyvern
   397 | D        | Killed a yak
   397 | D        | Reached *** piety under Vehumet
   397 | D        | Reached skill level 12 in Air Magic
   397 | D        | Killed a slime creature
   397 | D        | Reached XP level 8. HP: 46/46 MP: 13/24
   609 | D        | Noticed an eight-headed hydra
   609 | D        | Noticed a spiny frog
   609 | D        | Noticed a spiny frog
   610 | D        | Offered knowledge of Freeze by Vehumet.
   610 | D        | Reached **** piety under Vehumet
   610 | D        | Reached skill level 13 in Air Magic
   612 | D        | Killed an eight-headed hydra
   612 | D        | Reached skill level 14 in Air Magic
   612 | D        | Reached XP level 9. HP: 36/51 MP: 14/27
   613 | D        | Noticed a komodo dragon
   613 | D        | Killed a spiny frog
   613 | D        | Killed a spiny frog
   613 | D        | Reached ***** piety under Vehumet
   615 | D        | Noticed a spiny frog
   615 | D        | Killed a komodo dragon
   615 | D        | Reached skill level 15 in Air Magic
   620 | D        | Killed a spiny frog
   734 | D        | Noticed a komodo dragon
   734 | D        | Noticed a six-headed hydra
   735 | D        | Offered knowledge of Searing Ray by Vehumet.
   736 | D        | Reached XP level 10. HP: 56/56 MP: 23/29
   736 | D        | Killed a six-headed hydra
   736 | D        | Reached ****** piety under Vehumet
   736 | D        | Reached skill level 16 in Air Magic
   736 | D        | Reached skill level 15 in Spellcasting
   740 | D        | Reached skill level 15 in Conjurations
  1061 | D        | Offered knowledge of Stone Arrow by Vehumet.
  1061 | D        | Reached skill level 17 in Air Magic
  1160 | D        | Learned a level 3 spell: Stone Arrow
  1162 | D        | Noticed an orc high priest
  1162 | D        | Noticed an orc knight
  1163 | D        | Offered knowledge of Throw Icicle by Vehumet.
  1166 | D        | Slain by an orc knight

Vault maps used:
D:        linesprint

Action                   |  1- 3 |  4- 6 |  7- 9 | 10-12 || total
-------------------------+-------+-------+-------+-------++-------
Melee: Unarmed           |     7 |     5 |       |       ||    12
       Staff             |       |       |       |     1 ||     1
 Cast: Shock             |    10 |       |     1 |     2 ||    13
       Repel Missiles    |       |     1 |       |       ||     1
       Lightning Bolt    |       |     1 |    15 |    21 ||    37
Evoke: Wand              |       |     3 |     3 |       ||     6
       Staff of energy   |       |       |     7 |       ||     7
  Use: Potion            |     1 |     1 |       |       ||     2
  Eat: Chunk             |       |       |     1 |     1 ||     2
